AoeStats
← lex

Arena

509089479Analyzed
3v3 RM · 6d ago on Sep 25, 2026· 21m 29s· 6 players
Game mode
Random Map
Map size
Normal (6 player)
Population
200
Speed
Normal
Resources
Standard
Victory
Conquest
Starting age
Dark Age
Ending age
Imperial Age
RankedLock teamsTeams togetherTeam positionsShared explorationLock speedFull tech treeHidden civsTurbo modeCheats
Victory
Defeat
🇷🇺 Spanish · Russia
1145
+13
🇫🇷 Franks · France
1122
+14
🇫🇷 Sicilians · France
1100
+15
🇫🇷 Maya · France
1127
-41
🇫🇷 Mongols · France
1100
-15
🇲🇺 Persians · Mauritius
1033
-12
yangzii
6:33 Loom
9:23 Feudal Age
9:52 Horse Collar
19:48 Castle Age
Préjent !
10:13 Feudal Age
19:02 Horse Collar
23:05 Castle Age
Buzzleclairrr
7:47 Loom
10:28 Feudal Age
16:17 Castle Age
14:37 Double-Bit Axe
El-Ziston
2:31 Loom
17:19 Feudal Age
18:42 Man-at-Arms
19:08 Arson
Kaila
11:04 Feudal Age
12:54 Loom
15:59 Castle Age
lex
11:24 Feudal Age
15:09 Castle Age
13:48 Double-Bit Axe
13:45 Horse Collar
14:11 Loom
14:23 Gold Mining
16:09 Bow Saw
17:26 Fletching
18:03 Padded Archer Armor
Connection lost

Rejoining the realm…

Still unreachable

The connection could not be restored.

Session expired

The server has moved on; the page needs a fresh start.